 Dungeon Crawl Stone Soup version 0.31.0-32-g396128a36d (webtiles) character file.

Game seed: 2297493036180618034

1458 Marvel the Cleaver (level 8, 0/105 HPs)
             Began as a Hill Orc Fighter on Mar 28, 2024.
             Was a Priest of Trog.
             Killed by vampiric draining
             ... invoked by a vampire
              (19 damage)
             ... on level 6 of the Dungeon.
             The game lasted 00:04:50 (4759 turns).

Marvel the Cleaver (Hill Orc Fighter)               Turns: 4759, Time: 00:04:50

Health: 0/105      AC: 15    Str: 21    XL:     8   Next: 76%
Magic:  8/8        EV:  8    Int:  8    God:    Trog [***...]
Gold:   261        SH:  4    Dex: 10    Spells: 7/7 levels left

rFire   + . .        a - +0 war axe
rCold   . . .        c - +0 buckler
rNeg    . . .        m - +0 chain mail {rF+}
rPois   +            (no helmet)
rElec   .            (no cloak)
rCorr   .            f - +0 pair of gloves
SInv    .            (no boots)
Will    ++...        o - amulet of faith Stlth
                     n - ring of poison resistance
HPRegen 1.37/turn    s - +4 ring of protection
MPRegen 0.11/turn

%: faith
@: berserking, strong-willed, regenerating, very quick
A: no striking features
a: Renounce Religion, Berserk, Trog's Hand


You were on level 6 of the Dungeon.
You worshipped Trog.
Trog was most pleased with you.
You visited 1 branch of the dungeon, and saw 6 of its levels.

You collected 261 gold pieces.

Inventory:

Hand Weapons
 a - a +0 war axe (weapon)
Armour
 b - a +0 scale mail
 c - a +0 buckler (worn)
 f - a +0 pair of gloves (worn)
 m - a +0 chain mail of fire resistance (worn)
 w - a scarf of harm
Jewellery
 n - a ring of poison resistance (left hand)
 o - an amulet of faith (around neck)
 s - a +4 ring of protection (right hand)
Wands
 q - a wand of flame (26)
 C - a wand of iceblast (7)
Scrolls
 e - 7 scrolls of identify {unknown}
 h - 3 scrolls of vulnerability {unknown}
 i - a scroll of blinking {unknown}
 j - 2 scrolls of revelation {unknown}
 r - a scroll of enchant weapon {unknown}
 t - 2 scrolls of teleportation {unknown}
 x - 2 scrolls of fear {unknown}
 y - a scroll of torment {unknown}
Potions
 d - 2 potions of might
 g - a potion of mutation {unknown}
 k - a potion of resistance {unknown}
 l - a potion of attraction {unknown}
 p - a potion of haste {unknown}
 u - a potion of invisibility {unknown}
 v - a potion of enlightenment {unknown}
 z - 2 potions of curing {unknown}
 A - a potion of lignification {unknown}
 B - a potion of heal wounds {unknown}


   Skills:
 + Level 6.0 Fighting
 + Level 9.8 Axes
 + Level 6.2 Armour
 + Level 2.0 Dodging
 + Level 0.5 Stealth
 + Level 4.8 Shields


You had 7 spell levels left.
You didn't know any spells.
Your spell library was empty.

Dungeon Overview and Level Annotations

Branches:
Dungeon (6/15)
 Temple: D:4-7

Altars:
Elyvilon
Hepliaklqana
Makhleb
Okawaru
Qazlal
Ru
Sif Muna
Trog
Wu Jian
Zin
The Shining One


Message History

The vampire flickers and vanishes!
Deactivating autopickup; reactivate with Ctrl-A.
The ice beast hits you. The ice beast freezes you! The jelly barely misses you.
The white imp barely misses you.
You hit something. You hit the ice beast. You hit the jelly but do no damage.
Your hands burn!
You hit the white imp.
You kill the white imp!
Trog accepts your kill. Something hits you but does no damage.
Something bites you but does no damage.
The ice beast hits you but does no damage.
The jelly jiggles.
The jelly hits you but does no damage.
You miss something. You hit the jelly.
Your hands burn!
You hit the ice beast. Something hits you.
Something bites you but does no damage. The ice beast closely misses you.
The jelly hits you but does no damage.
You hit something but do no damage. You slash the jelly!
Your hands burn!
* * * LOW HITPOINT WARNING * * *
You hit the ice beast. Something hits you!
* * * LOW HITPOINT WARNING * * *
Something bites you but does no damage.
The ice beast hits you but does no damage.
The jelly hits you but does no damage.
A red film seems to cover your vision as you go berserk!
You feel yourself moving faster!
You feel mighty! Something hits you but does no damage.
Something bites you but does no damage.
The ice beast hits you but does no damage.
The jelly hits you but does no damage.
You slash something! You hit the ice beast. You slash the jelly!
You feel the power of Trog in you as your rage grows.
You kill the jelly!
Trog accepts your kill.
Your Fighting skill increases to level 6!
You miss something. You barely miss the ice beast.
Something hits you but does no damage. Something bites you but does no damage.
The ice beast barely misses you.
You slash something! You slash the ice beast!
You kill the ice beast!
Trog accepts your kill. Something draws life force from you!!
You die...

.........................##
...#.#.............#...?..#
...#.#.............#.....!.
.....##.....##....<.$......
.##...............#).......
#....#............#).....#.
....##...................#
..................###......
.....#.#.#.#.#.{@.# ......
..<. ...........>.....#
.... #.#.#[.#....#....# .#.
..........##..... ##
#.#.#.......[ .#..
.............
#.#.##..##.##.. .... ## ..
..


There were no monsters in sight!

Vanquished Creatures
  Grinder (D:5)
  Prince Ribbit (D:5)
  2 water moccasins
  A sky beast (D:6)
  An ice beast (D:6)
  An ogre (D:6)
  A kobold brigand (D:3)
  A scorpion (D:6)
  3 hounds
  2 jellies (D:6)
  An orc priest (D:6)
  A gnoll bouda (D:5)
  A sleepcap (D:6)
  2 iguanas
  9 gnolls
  6 adders
  A white imp (D:6)
  2 ufetubi (D:4)
  A ribbon worm (D:3)
  5 dart slugs
  6 orcs
  4 bats
  6 endoplasms
  A giant cockroach (D:4)
  9 hobgoblins
  12 kobolds
  9 quokkas
  7 ball pythons
  4 frilled lizards (D:1)
  11 goblins
  9 rats
121 creatures vanquished.

Notes
Turn   | Place    | Note
-------+----------+-------------------------------------------
     0 | D:1      | Marvel the Hill Orc Fighter began the quest for the Orb.
     0 | D:1      | Reached XP level 1. HP: 19/19 MP: 1/1
   156 | D:1      | Reached skill level 3 in Axes
   156 | D:1      | Reached XP level 2. HP: 21/27 MP: 2/2
   217 | D:1      | Found a faded altar of an unknown god.
   299 | D:1      | Prayed at the altar of an unknown god.
   299 | D:1      | Became a worshipper of Trog the Wrathful
   299 | D:1      | Reached * piety under Trog
   649 | D:1      | Reached XP level 3. HP: 33/33 MP: 3/3
  1477 | D:2      | Reached ** piety under Trog
  1483 | D:2      | Reached XP level 4. HP: 40/40 MP: 4/4
  1721 | D:3      | Reached skill level 4 in Axes
  1859 | D:3      | Noticed a kobold brigand
  2646 | D:3      | Killed a kobold brigand
  2647 | D:3      | Reached skill level 5 in Axes
  2647 | D:3      | Reached XP level 5. HP: 14/47 MP: 5/5
  2888 | D:4      | Reached XP level 6. HP: 52/53 MP: 6/6
  3005 | D:4      | Found a white marble altar of Elyvilon.
  3094 | D:4      | Reached *** piety under Trog
  3095 | D:4      | Reached skill level 1 in Dodging
  3347 | D:4      | Found a sacrificial altar of Ru.
  3347 | D:4      | Found a stormy altar of Qazlal.
  3347 | D:4      | Found a shimmering blue altar of Sif Muna.
  3403 | D:4      | Found a burning altar of Makhleb.
  3407 | D:4      | Found a glowing silver altar of Zin.
  3468 | D:5      | Entered Level 5 of the Dungeon
  3545 | D:5      | Noticed a water moccasin
  3564 | D:5      | Killed a water moccasin
  3565 | D:5      | Reached skill level 6 in Axes
  3565 | D:5      | Reached skill level 5 in Armour
  3651 | D:5      | Reached XP level 7. HP: 56/60 MP: 7/7
  3669 | D:5      | Found an iron altar of Okawaru.
  4010 | D:5      | Noticed Prince Ribbit
  4036 | D:5      | Killed Prince Ribbit
  4037 | D:5      | Reached skill level 5 in Fighting
  4037 | D:5      | Reached skill level 7 in Axes
  4215 | D:5      | Noticed Grinder
  4215 | D:5      | Paralysed by Grinder for 3 turns
  4232 | D:5      | Killed Grinder
  4233 | D:5      | Reached skill level 8 in Axes
  4233 | D:5      | Reached XP level 8. HP: 50/68 MP: 8/8
  4267 | D:5      | Found a glowing golden altar of the Shining One.
  4302 | D:5      | Found an ornate altar of the Wu Jian Council.
  4497 | D:6      | Found a hazy altar of Hepliaklqana.
  4568 | D:6      | Reached skill level 9 in Axes
  4743 | D:6      | Noticed a vampire
  4759 | D:6      | Killed from afar by a vampire

Illustrated notes

Levels and vault maps discovered:
D:1:      dpeg_cavernosity, layout_basic, basic_ecumenical_altar, st_stairs_14
D:2:      layout_loops_ring, minmay_split_cup_large
D:3:      cheibrodos_thug_alley, layout_basic
D:4:      layout_rooms, minmay_overflow_temple_star_hex, elyvilon_altar_5
D:5:      layout_loops_ring, marbit_many_paths, mainiacjoe_overflow_two_lobes,
          nicolae_grassy_gnolls, uniq_prince_ribbit1, uniq_grinder
D:6:      layout_cave_pools, mainiacjoe_overflow_catwalk, eino_curves_04,
          st_stairs_9, uniq_edmund, uniq_maggie

Skill      XL: |  1  2  3  4  5  6  7  8 |
---------------+-------------------------+-----
Axes           | 3 5 6 8 9 |  9.8
Fighting       | 4 5 6 |  6.0
Armour         | 4 5 6 |  6.2
Dodging        | 1 2 |  2.0
Shields        | 4 |  4.8
Stealth        | |  0.5

Action                     |  1- 3 |  4- 6 |  7- 9 || total
---------------------------+-------+-------+-------++-------
  Melee: War axe           |   100 |   172 |   136 ||   408
 Invoke: Trog's Hand       |       |     1 |     6 ||     7
         Berserk           |       |     1 |     1 ||     2
 Armour: Scale mail        |    59 |    30 |       ||    89
         Chain mail        |       |   154 |   134 ||   288
  Dodge: Dodged            |    58 |   108 |    61 ||   227
  Block: Buckler           |    29 |    58 |    24 ||   111
